WCHLSIM.com - West Coast Hockey League
html PUBLIC "-//W3C//DTD XHTML 1.0 Transitional//EN" "http://www.w3.org/TR/xhtml1/DTD/xhtml1-transitional.dtd"> WCHL - Game 495 - EDMONTON ICE vs SPOKANE KNIGHTS

EDMONTON ICE vs SPOKANE KNIGHTS

Created - 22 décembre 2023 at 23:41

Goals
1 2 3 T
EDMONTON ICE 1 3 1 5
SPOKANE KNIGHTS 1 1 1 3
Shots
1 2 3 T
EDMONTON ICE 18 16 8 42
SPOKANE KNIGHTS 12 9 14 35

1st period

1. EDMONTON ICE , Thomas Novak 8 (Scott Laughton 17, Evgeny Dadonov 8) at 9:10
2. SPOKANE KNIGHTS , Quinton Byfield 2 (Tyler Motte 11) at 17:40

Penalties :
Jarred Tinordi (EDM) for Hooking (Minor) at 14:04

2nd period

3. EDMONTON ICE , Evgeny Dadonov 3 (Scott Laughton 18, Ryan Graves 5) at 1:36
4. EDMONTON ICE , Scott Laughton 14 (Thomas Novak 6, Evgeny Dadonov 9) at 6:56
5. SPOKANE KNIGHTS , Anthony Cirelli 11 (Zach Parise 12, Brady Tkachuk 21) at 14:27
6. EDMONTON ICE , Jack Eichel 19 (Alex Tuch 24) at 15:06

Penalties :
Chad Ruhwedel (SPO) for Tripping (Minor) at 4:37, Nathan Beaulieu (SPO) for Cross-checking (Minor) at 9:20, Anthony Beauvillier (EDM) for Tripping (Minor) at 9:20

3rd period

7. SPOKANE KNIGHTS , Derek Grant 3 (Nicklas Backstrom 12) at 9:04
8. EDMONTON ICE , Scott Laughton 15 (Alex Tuch 25) at 19:38 (Empty Net)

Penalties :
Nathan Clurman (SPO) for Boarding (Minor) at 14:54

Goalie Stats

Vitek Vanecek (EDM), 32 saves from 35 shots - (0,914), W, 20-7-4, 60:00 minutes
Matthew Murray (SPO), 37 saves from 41 shots - (0,902), L, 2-5-0, 59:29 minutes

Players Stats for EDMONTON ICE

Player Name              G  A  P  +/- PIM S  H  SB GA TA FO     MP     PP MP  PK MP  
------------------------------------------------------------------------------------
Alex Tuch                0  2  2   1  0   6  1  2  0  0  2/3    20:56   1:47   0:00 
Anthony Beauvillier      0  0  0  -1  2   3  0  0  0  0  1/1    18:18   1:47   0:00 
Anthony Mantha           0  0  0  -1  0   1  3  0  0  0  0/1    11:55   0:00   0:00 
Anton Lundell            0  0  0   0  0   1  0  0  0  0  5/10    6:11   0:00   1:34 
Dawson Mercer            0  0  0  -1  0   7  0  1  0  0  4/18   15:22   2:11   0:00 
Evgeny Dadonov           1  2  3   2  0   3  1  0  0  0  0/0    17:31   0:00   0:25 
Gustav Nyquist           0  0  0   1  0   0  4  2  0  0  0/0    22:36   2:11   0:00 
Jack Eichel              1  0  1   0  0   5  1  0  0  0  9/22   20:25   1:47   0:00 
Jarred Tinordi           0  0  0  -1  2   0  4  1  0  0  0/0    13:43   0:00   0:00 
Joshua Mahura            0  0  0   1  0   0  0  0  0  0  0/0     3:01   0:00   0:00 
Justin Barron            0  0  0   1  0   0  0  0  0  0  0/0    18:36   1:42   0:00 
Michael Matheson         0  0  0   1  0   0  2  0  0  0  0/0    23:48   2:16   1:08 
Ryan Graves              0  1  1   2  0   1  1  1  0  0  0/0    21:28   1:42   0:51 
Scott Laughton           2  2  4   3  0   9  1  0  0  0  1/3    19:30   2:11   0:25 
Shea Theodore            0  0  0   1  0   1  2  0  0  0  0/0    23:31   2:16   0:51 
Tanner Jeannot           0  0  0   0  0   1  0  0  0  0  0/1     6:11   0:00   1:34 
Thomas Novak             1  1  2   2  0   3  0  0  0  0  10/21  17:06   0:00   0:00 
Zach Whitecloud          0  0  0  -1  0   1  0  4  0  0  0/0    15:52   0:00   1:08 

Players Stats for SPOKANE KNIGHTS

Player Name              G  A  P  +/- PIM S  H  SB GA TA FO     MP     PP MP  PK MP  
------------------------------------------------------------------------------------
Anthony Cirelli          1  0  1  -1  0   3  0  1  0  0  16/24  19:30   0:00   1:30 
Brady Tkachuk            0  1  1  -1  0   3  1  0  0  0  0/0    18:19   1:04   0:00 
Chad Ruhwedel            0  0  0   2  2   0  3  0  0  0  0/0    19:02   1:04   1:23 
Corey Perry              0  0  0   1  0   1  0  0  0  0  0/0    10:31   0:55   0:00 
Derek Grant              1  0  1   1  0   5  3  0  0  0  1/2    12:04   0:00   2:28 
Evan Bouchard            0  0  0  -3  0   1  5  1  0  0  0/0    24:21   0:55   1:28 
Henri Nikkanen           0  0  0  -1  0   0  3  0  0  0  8/13   10:21   0:00   0:00 
Jonathon Merrill         0  0  0  -3  0   0  1  2  0  0  0/0    24:32   0:55   1:39 
Lias Andersson           0  0  0  -1  0   0  0  0  0  0  1/1    10:21   0:00   0:00 
Nathan Beaulieu          0  0  0   1  2   0  0  3  0  0  0/0    20:35   1:04   2:19 
Nathan Clurman           0  0  0  -1  2   1  2  0  0  0  0/0    16:35   0:00   1:07 
Nicklas Backstrom        0  1  1   0  0   3  0  0  0  0  10/16  11:08   0:55   0:00 
Quinton Byfield          1  0  1  -1  0   5  1  0  0  0  11/23  17:10   1:04   0:00 
Rasmus Kupari            0  0  0  -1  0   0  0  1  0  0  0/0    12:49   0:00   2:28 
Shane Pinto              0  0  0  -1  0   2  0  0  0  0  1/1    16:33   1:04   0:00 
Tucker Poolman           0  0  0   0  0   1  0  2  0  0  0/0    14:52   0:00   0:00 
Tyler Motte              0  1  1   0  0   6  1  1  0  0  0/0    16:22   0:00   1:30 
Zach Parise              0  1  1  -1  0   4  0  1  0  0  0/0    18:55   0:55   0:00 

3 Stars

1 - Scott Laughton (EDM)
2 - Evgeny Dadonov (EDM)
3 - Thomas Novak (EDM)

Power Play

EDMONTON ICE - 0 on 2 Attempt(s) - 0,00%
SPOKANE KNIGHTS - 0 on 1 Attempt(s) - 0,00%

Penalty Kill

EDMONTON ICE - 1 on 1 Attempt(s) - 100,00% - Score 0 goal in Penalty Kill
SPOKANE KNIGHTS - 2 on 2 Attempt(s) - 100,00% - Score 0 goal in Penalty Kill

Team Stat

EDMONTON ICE - Hits : 20 - Faceoff Wins : 32 - Blocked Shots : 11 - Penalty Minutes : 4
SPOKANE KNIGHTS - Hits : 20 - Faceoff Wins : 48 - Blocked Shots : 12 - Penalty Minutes : 6

Official

Referees : Brandon Blandina and Dan O'Rourke
Linesman : Luke Galvin and Derek Nansen

Game Notes

Scott Laughton has scored in a empty net!

Finance

Level 1 -- Attendance: 8350 (100,00%) -- Ticket Income 1 369 400 $
Level 2 -- Attendance: 5397 (88,48%) -- Ticket Income 669 228 $
Level 3 -- Attendance: 2192 (91,33%) -- Ticket Income 227 968 $
Level 4 -- Attendance: 6000 (100,00%) -- Ticket Income 384 000 $
Luxury Box -- Attendance: 1150 (100,00%) -- Ticket Income 356 500 $
Total Attendance: 23089 (96,20%)
Total Ticket Income: 3 007 096 $
Other Expense: 30 071 $
Total Income: 2 977 025 $

EDMONTON ICE

5 vs 5 Forward 
   Center                   Left Wing                Right Wing               Time % Phy DF OF 
 1 Jack Eichel              Gustav Nyquist           Alex Tuch                36     0   2  3  
 2 Thomas Novak             Scott Laughton           Evgeny Dadonov           33     1   2  2  
 3 Dawson Mercer            Anthony Beauvillier      Anthony Mantha           24     1   3  1  
 4 Anton Lundell            Anthony Beauvillier      Tanner Jeannot           7      0   3  2  

5 vs 5 Defense 
   Defense                  Defense                                           Time % Phy DF OF 
 1 Shea Theodore            Michael Matheson                                  37     1   2  2  
 2 Justin Barron            Ryan Graves                                       32     0   3  2  
 3 Zach Whitecloud          Jarred Tinordi                                    23     0   4  1  
 4 Ryan Graves              Joshua Mahura                                     8      0   3  2  

PowerPlay Forward 
   Center                   Left Wing                Right Wing               Time % Phy DF OF 
 1 Jack Eichel              Anthony Beauvillier      Alex Tuch                60     1   2  2  
 2 Dawson Mercer            Scott Laughton           Gustav Nyquist           40     1   2  2  

PowerPlay Defense
   Defense                  Defense                                           Time % Phy DF OF 
 1 Shea Theodore            Michael Matheson                                  60     0   2  3  
 2 Ryan Graves              Justin Barron                                     40     0   2  3  

Penalty Kill 4 Players Forward 
   Center                   Wing                     Time % Phy DF OF 
 1 Anton Lundell            Tanner Jeannot           60     0   5  0  
 2 Scott Laughton           Evgeny Dadonov           40     0   5  0  

Penalty Kill 4 Players Defense
   Defense                  Defense                  Time % Phy DF OF 
 1 Michael Matheson         Zach Whitecloud          60     0   5  0  
 2 Jarred Tinordi           Ryan Graves              40     0   5  0  

Penalty Kill - 3 Players Forward 
   Forward                                           Time % Phy DF OF 
 1 Anton Lundell                                     55     0   4  1  
 2 Thomas Novak                                      45     0   4  1  

Penalty Kill - 3 Players Defense
   Defense                  Defense                  Time % Phy DF OF 
 1 Zach Whitecloud          Ryan Graves              55     0   5  0  
 2 Michael Matheson         Jarred Tinordi           45     0   5  0  

4 vs 4 Forward 
   Center                   Wing                     Time % Phy DF OF 
 1 Dawson Mercer            Gustav Nyquist           55     1   2  2  
 2 Thomas Novak             Evgeny Dadonov           45     1   2  2  

4 vs 4 Defense
   Defense                  Defense                  Time % Phy DF OF 
 1 Shea Theodore            Michael Matheson         55     1   2  2  
 2 Zach Whitecloud          Justin Barron            45     1   2  2  

Last Minutes Offensive
   Center                   Left Wing                Right Wing               Defense                  Defense                  
   Jack Eichel              Scott Laughton           Alex Tuch                Shea Theodore            Michael Matheson         

Last Minutes Defensive
   Center                   Left Wing                Right Wing               Defense                  Defense                  
   Scott Laughton           Gustav Nyquist           Alex Tuch                Shea Theodore            Michael Matheson         

Goaltenders
Starting : Vitek Vanecek            
Backup : Jonathan Quick           

Extra Forwards
Normal : Dawson Mercer, Anthony Beauvillier, Anton Lundell - PP : Thomas Novak, Dawson Mercer - PK : Dawson Mercer
Extra Defensemen
Normal : Shea Theodore, Justin Barron, Ryan Graves - PP : Justin Barron - PK : Ryan Graves, Shea Theodore
Penalty Shots
Alex Tuch, Jack Eichel, Thomas Novak, Dawson Mercer, Gustav Nyquist
Custom OT Lines Forwards
Alex Tuch, Jack Eichel, Scott Laughton, Gustav Nyquist, Dawson Mercer, Thomas Novak, Anthony Beauvillier, Anton Lundell, Evgeny Dadonov, Anthony Mantha
Custom OT Lines Defensemen
Shea Theodore, Michael Matheson, Ryan Graves, Zach Whitecloud, Justin Barron

Scratches
Austin Watson (Healthy), Jonas Brodin (Strained Right Elbow Injury)

SPOKANE KNIGHTS

5 vs 5 Forward 
   Center                   Left Wing                Right Wing               Time % Phy DF OF 
 1 Anthony Cirelli          Brady Tkachuk            Zach Parise              30     0   1  4  
 2 Quinton Byfield          Shane Pinto              Tyler Motte              30     1   2  2  
 3 Nicklas Backstrom        Derek Grant              Corey Perry              20     1   2  2  
 4 Henri Nikkanen           Lias Andersson           Rasmus Kupari            20     1   3  1  

5 vs 5 Defense 
   Defense                  Defense                                           Time % Phy DF OF 
 1 Evan Bouchard            Jonathon Merrill                                  30     1   2  2  
 2 Nathan Beaulieu          Chad Ruhwedel                                     30     1   2  2  
 3 Nathan Clurman           Tucker Poolman                                    20     1   3  1  
 4 Evan Bouchard            Jonathon Merrill                                  20     1   3  1  

PowerPlay Forward 
   Center                   Left Wing                Right Wing               Time % Phy DF OF 
 1 Quinton Byfield          Brady Tkachuk            Shane Pinto              60     1   1  3  
 2 Nicklas Backstrom        Zach Parise              Corey Perry              40     1   1  3  

PowerPlay Defense
   Defense                  Defense                                           Time % Phy DF OF 
 1 Evan Bouchard            Jonathon Merrill                                  60     0   1  4  
 2 Nathan Beaulieu          Chad Ruhwedel                                     40     0   1  4  

Penalty Kill 4 Players Forward 
   Center                   Wing                     Time % Phy DF OF 
 1 Anthony Cirelli          Tyler Motte              50     1   3  1  
 2 Derek Grant              Rasmus Kupari            50     1   3  1  

Penalty Kill 4 Players Defense
   Defense                  Defense                  Time % Phy DF OF 
 1 Nathan Beaulieu          Chad Ruhwedel            60     1   3  1  
 2 Jonathon Merrill         Nathan Clurman           40     1   3  1  

Penalty Kill - 3 Players Forward 
   Forward                                           Time % Phy DF OF 
 1 Quinton Byfield                                   60     0   5  0  
 2 Anthony Cirelli                                   40     0   5  0  

Penalty Kill - 3 Players Defense
   Defense                  Defense                  Time % Phy DF OF 
 1 Jonathon Merrill         Evan Bouchard            60     0   5  0  
 2 Tucker Poolman           Nathan Clurman           40     0   5  0  

4 vs 4 Forward 
   Center                   Wing                     Time % Phy DF OF 
 1 Quinton Byfield          Brady Tkachuk            50     1   2  2  
 2 Anthony Cirelli          Zach Parise              50     1   2  2  

4 vs 4 Defense
   Defense                  Defense                  Time % Phy DF OF 
 1 Evan Bouchard            Jonathon Merrill         60     1   2  2  
 2 Nathan Clurman           Tucker Poolman           40     1   2  2  

Last Minutes Offensive
   Center                   Left Wing                Right Wing               Defense                  Defense                  
   Quinton Byfield          Brady Tkachuk            Zach Parise              Evan Bouchard            Anthony Cirelli          

Last Minutes Defensive
   Center                   Left Wing                Right Wing               Defense                  Defense                  
   Quinton Byfield          Anthony Cirelli          Zach Parise              Evan Bouchard            Jonathon Merrill         

Goaltenders
Starting : Matthew Murray           
Backup : Frederik Andersen        

Extra Forwards
Normal : Nicklas Backstrom, Shane Pinto, Rasmus Kupari - PP : Quinton Byfield, Rasmus Kupari - PK : Quinton Byfield
Extra Defensemen
Normal : Jonathon Merrill, Evan Bouchard, Nathan Beaulieu - PP : Jonathon Merrill - PK : Chad Ruhwedel, Evan Bouchard
Penalty Shots
Quinton Byfield, Brady Tkachuk, Anthony Cirelli, Shane Pinto, Corey Perry
Custom OT Lines Forwards
Quinton Byfield, Brady Tkachuk, Anthony Cirelli, Derek Grant, Zach Parise, Tyler Motte, Nicklas Backstrom, Shane Pinto, Henri Nikkanen, Rasmus Kupari
Custom OT Lines Defensemen
Jonathon Merrill, Evan Bouchard, Nathan Beaulieu, Chad Ruhwedel, Nathan Clurman

Scratches
Patrice Bergeron (Healthy), Derrick Pouliot (Healthy)

% Time on Ice - EDMONTON ICE

Lines # - Real PCT - Wanted PCT - Time Play
Normal Forward
1 - 36% - 36% - 18:38
2 - 32% - 33% - 16:23
3 - 23% - 24% - 11:55
4 - 9% - 7% - 4:37
Normal Defense
1 - 37% - 37% - 18:54
2 - 31% - 32% - 15:54
3 - 27% - 23% - 13:44
4 - 6% - 8% - 3:01
PP Forward
1 - 45% - 60% - 1:47
2 - 55% - 40% - 2:11
PP Defense
1 - 57% - 60% - 2:16
2 - 43% - 40% - 1:42
PK Forward
1 - 79% - 60% - 1:34
2 - 21% - 40% - 0:25
PK Defense
1 - 57% - 60% - 1:08
2 - 43% - 40% - 0:51
PK3 Forward
1 - 0% - 55%
2 - 0% - 45%
PK3 Defense
1 - 0% - 55%
2 - 0% - 45%
44 Forward
1 - 64% - 55% - 1:16
2 - 36% - 45% - 0:43
44 Defense
1 - 50% - 55% - 0:59
2 - 50% - 45% - 1:00
Last Minute Offensive  - 0:00
Last Minute Defensive  - 0:31
Total
Forward - 60:00
Defense - 60:00

% Time on Ice - SPOKANE KNIGHTS

Lines # - Real PCT - Wanted PCT - Time Play
Normal Forward
1 - 32% - 30% - 16:38
2 - 29% - 30% - 14:52
3 - 19% - 20% - 9:36
4 - 20% - 20% - 10:21
Normal Defense
1 - 24% - 30% - 12:22
2 - 32% - 30% - 16:36
3 - 26% - 20% - 13:30
4 - 17% - 20% - 8:59
PP Forward
1 - 54% - 60% - 1:04
2 - 46% - 40% - 0:55
PP Defense
1 - 46% - 60% - 0:55
2 - 54% - 40% - 1:04
PK Forward
1 - 38% - 50% - 1:30
2 - 62% - 50% - 2:28
PK Defense
1 - 58% - 60% - 2:19
2 - 42% - 40% - 1:39
PK3 Forward
1 - 0% - 60%
2 - 0% - 40%
PK3 Defense
1 - 0% - 60%
2 - 0% - 40%
44 Forward
1 - 31% - 50% - 0:37
2 - 69% - 50% - 1:22
44 Defense
1 - 31% - 60% - 0:37
2 - 69% - 40% - 1:22
Last Minute Offensive  - 0:37
Last Minute Defensive  - 0:00
Total
Forward - 60:00
Defense - 60:00

Play-by-Play

1st period


0:01 of 1st period - Anthony Cirelli wins face-off versus Jack Eichel in neutral zone.
0:25 of 1st period - Shot by Zach Parise.
0:25 of 1st period - Deflect By Brady Tkachuk.
0:25 of 1st period - Shot Misses the Net.
0:27 of 1st period - Shot by Zach Parise.
0:27 of 1st period - Shot Misses the Net.
0:37 of 1st period - Shot by Zach Parise.
0:37 of 1st period - Stopped by Vitek Vanecek with a rebound.
1:15 of 1st period - Shot by Scott Laughton.
1:15 of 1st period - Stopped by Matthew Murray without a rebound.
1:16 of 1st period - Nicklas Backstrom wins face-off versus Dawson Mercer in SPOKANE KNIGHTS zone.
1:16 of 1st period - Nicklas Backstrom is hit by Jarred Tinordi.
1:22 of 1st period - Shot by Nicklas Backstrom.
1:22 of 1st period - Deflect By Derek Grant.
1:22 of 1st period - Shot Misses the Net.
1:25 of 1st period - Icing by Jarred Tinordi.
1:26 of 1st period - Henri Nikkanen wins face-off versus Dawson Mercer in EDMONTON ICE zone.
1:26 of 1st period - Henri Nikkanen is hit by Jarred Tinordi.
1:42 of 1st period - Rasmus Kupari is hit by Anthony Mantha and loses puck.
1:51 of 1st period - Shot by Anthony Beauvillier.
1:51 of 1st period - Shot Misses the Net.
1:53 of 1st period - Shot by Dawson Mercer.
1:53 of 1st period - Shot Blocked by Tucker Poolman.
1:55 of 1st period - Shot by Dawson Mercer.
1:55 of 1st period - Stopped by Matthew Murray without a rebound.
1:56 of 1st period - Nicklas Backstrom wins face-off versus Thomas Novak in SPOKANE KNIGHTS zone.
2:37 of 1st period - Shot by Evgeny Dadonov.
2:37 of 1st period - Deflect By Scott Laughton.
2:37 of 1st period - Stopped by Matthew Murray with a rebound.
2:59 of 1st period - Shot by Michael Matheson.
2:59 of 1st period - Shot Misses the Net.
3:01 of 1st period - Shot by Anton Lundell.
3:01 of 1st period - Deflect By Anthony Beauvillier.
3:01 of 1st period - Stopped by Matthew Murray with a rebound.
3:03 of 1st period - Shot by Anton Lundell.
3:03 of 1st period - Shot Misses the Net.
3:05 of 1st period - Shot by Shea Theodore.
3:05 of 1st period - Stopped by Matthew Murray without a rebound.
3:06 of 1st period - Quinton Byfield wins face-off versus Jack Eichel in SPOKANE KNIGHTS zone.
3:22 of 1st period - Shot by Quinton Byfield.
3:22 of 1st period - Shot Blocked by Gustav Nyquist.
3:24 of 1st period - Shot by Tyler Motte.
3:24 of 1st period - Shot Misses the Net.
4:16 of 1st period - Shot by Anthony Beauvillier.
4:16 of 1st period - Stopped by Matthew Murray without a rebound.
4:17 of 1st period - Thomas Novak wins face-off versus Henri Nikkanen in SPOKANE KNIGHTS zone.
4:59 of 1st period - Nathan Clurman is hit by Scott Laughton and loses puck.
6:36 of 1st period - Tyler Motte is hit by Jarred Tinordi and loses puck.
6:46 of 1st period - Icing by Zach Whitecloud.
6:47 of 1st period - Jack Eichel wins face-off versus Nicklas Backstrom in EDMONTON ICE zone.
7:16 of 1st period - Shot by Thomas Novak.
7:16 of 1st period - Stopped by Matthew Murray without a rebound.
7:17 of 1st period - Anton Lundell wins face-off versus Anthony Cirelli in SPOKANE KNIGHTS zone.
7:36 of 1st period - Shot by Brady Tkachuk.
7:36 of 1st period - Stopped by Vitek Vanecek without a rebound.
7:37 of 1st period - Thomas Novak wins face-off versus Quinton Byfield in EDMONTON ICE zone.
8:06 of 1st period - Shot by Scott Laughton.
8:06 of 1st period - Stopped by Matthew Murray without a rebound.
8:07 of 1st period - Anthony Cirelli wins face-off versus Dawson Mercer in SPOKANE KNIGHTS zone.
8:07 of 1st period - Anthony Cirelli is hit by Anthony Mantha.
8:21 of 1st period - Shot by Anthony Beauvillier.
8:21 of 1st period - Shot Misses the Net.
8:23 of 1st period - Shot by Dawson Mercer.
8:23 of 1st period - Stopped by Matthew Murray without a rebound.
8:24 of 1st period - Henri Nikkanen wins face-off versus Alex Tuch in SPOKANE KNIGHTS zone.
8:24 of 1st period - Henri Nikkanen is hit by Jack Eichel.
8:32 of 1st period - Alex Tuch is hit by Henri Nikkanen.
8:46 of 1st period - Shot by Alex Tuch.
8:46 of 1st period - Stopped by Matthew Murray without a rebound.
8:47 of 1st period - Thomas Novak wins face-off versus Quinton Byfield in SPOKANE KNIGHTS zone.
8:47 of 1st period - Scott Laughton is hit by Evan Bouchard and loses puck.
8:58 of 1st period - Shot by Tyler Motte.
8:58 of 1st period - Deflect By Shane Pinto.
8:58 of 1st period - Shot Misses the Net.
9:10 of 1st period - Shot by Thomas Novak.
9:10 of 1st period - Goal by Thomas Novak - EDMONTON ICE : 1 - SPOKANE KNIGHTS : 0.
9:11 of 1st period - Anthony Cirelli wins face-off versus Dawson Mercer in neutral zone.
9:32 of 1st period - Dawson Mercer is hit by Chad Ruhwedel and loses puck.
9:45 of 1st period - Shot by Dawson Mercer.
9:45 of 1st period - Stopped by Matthew Murray without a rebound.
9:46 of 1st period - Thomas Novak wins face-off versus Quinton Byfield in SPOKANE KNIGHTS zone.
9:51 of 1st period - Shot by Thomas Novak.
9:51 of 1st period - Shot Blocked by Jonathon Merrill.
9:53 of 1st period - Shot by Evgeny Dadonov.
9:53 of 1st period - Stopped by Matthew Murray without a rebound.
9:54 of 1st period - Alex Tuch wins face-off versus Quinton Byfield in SPOKANE KNIGHTS zone.
9:57 of 1st period - Shot by Alex Tuch.
9:57 of 1st period - Shot Misses the Net.
9:59 of 1st period - Shot by Alex Tuch.
9:59 of 1st period - Shot Misses the Net.
10:01 of 1st period - Shot by Ryan Graves.
10:01 of 1st period - Stopped by Matthew Murray without a rebound.
10:02 of 1st period - Thomas Novak wins face-off versus Nicklas Backstrom in SPOKANE KNIGHTS zone.
10:11 of 1st period - Ryan Graves is hit by Derek Grant and loses puck.
10:36 of 1st period - Shot by Evan Bouchard.
10:36 of 1st period - Stopped by Vitek Vanecek without a rebound.
10:37 of 1st period - Jack Eichel wins face-off versus Quinton Byfield in EDMONTON ICE zone.
10:52 of 1st period - Chad Ruhwedel is hit by Gustav Nyquist and loses puck.
11:36 of 1st period - Off-side.
11:37 of 1st period - Dawson Mercer wins face-off versus Henri Nikkanen in neutral zone.
11:40 of 1st period - Shot by Anthony Beauvillier.
11:40 of 1st period - Shot Misses the Net.
11:45 of 1st period - Anthony Beauvillier is hit by Evan Bouchard and loses puck.
11:54 of 1st period - Shot by Dawson Mercer.
11:54 of 1st period - Stopped by Matthew Murray with a rebound.
11:59 of 1st period - Anthony Beauvillier is hit by Evan Bouchard and loses puck.
12:16 of 1st period - Dawson Mercer is hit by Henri Nikkanen.
12:47 of 1st period - Shot by Anthony Cirelli.
12:47 of 1st period - Shot Blocked by Zach Whitecloud.
13:07 of 1st period - Shot by Scott Laughton.
13:07 of 1st period - Stopped by Matthew Murray without a rebound.
13:08 of 1st period - Alex Tuch wins face-off versus Nicklas Backstrom in SPOKANE KNIGHTS zone.
13:21 of 1st period - Shot by Jack Eichel.
13:21 of 1st period - Deflect By Gustav Nyquist.
13:21 of 1st period - Shot Misses the Net.
13:33 of 1st period - Shot by Corey Perry.
13:33 of 1st period - Stopped by Vitek Vanecek without a rebound.
13:34 of 1st period - Quinton Byfield wins face-off versus Tanner Jeannot in EDMONTON ICE zone.
13:41 of 1st period - Shot by Tyler Motte.
13:41 of 1st period - Stopped by Vitek Vanecek with a rebound.
13:43 of 1st period - Shot by Tyler Motte.
13:43 of 1st period - Shot Misses the Net.
13:45 of 1st period - Shot by Shane Pinto.
13:45 of 1st period - Shot Misses the Net.
13:47 of 1st period - Shot by Quinton Byfield.
13:47 of 1st period - Stopped by Vitek Vanecek with a rebound.
13:49 of 1st period - Shot by Tyler Motte.
13:49 of 1st period - Stopped by Vitek Vanecek without a rebound.
13:50 of 1st period - Anthony Cirelli wins face-off versus Thomas Novak in EDMONTON ICE zone.
13:57 of 1st period - Shot by Brady Tkachuk.
13:57 of 1st period - Shot Blocked by Jarred Tinordi.
13:59 of 1st period - Shot by Evan Bouchard.
13:59 of 1st period - Shot Hit the Post.
14:01 of 1st period - Shot by Brady Tkachuk.
14:01 of 1st period - Shot Blocked by Zach Whitecloud.
14:04 of 1st period - Minor Penalty to Jarred Tinordi for Hooking.
14:05 of 1st period - Quinton Byfield wins face-off versus Anton Lundell in EDMONTON ICE zone.
14:22 of 1st period - Shot by Quinton Byfield.
14:22 of 1st period - Stopped by Vitek Vanecek without a rebound.
14:23 of 1st period - Nicklas Backstrom wins face-off versus Anton Lundell in EDMONTON ICE zone.
14:46 of 1st period - Shot by Zach Parise.
14:46 of 1st period - Stopped by Vitek Vanecek with a rebound.
14:48 of 1st period - Shot by Nicklas Backstrom.
14:48 of 1st period - Stopped by Vitek Vanecek without a rebound.
14:49 of 1st period - Quinton Byfield wins face-off versus Anton Lundell in EDMONTON ICE zone.
16:04 of 1st period - Shot by Zach Parise.
16:04 of 1st period - Shot Blocked by Ryan Graves.
16:13 of 1st period - Gustav Nyquist is hit by Nathan Clurman and loses puck.
16:26 of 1st period - Shot by Alex Tuch.
16:26 of 1st period - Stopped by Matthew Murray without a rebound.
16:27 of 1st period - Dawson Mercer wins face-off versus Anthony Cirelli in SPOKANE KNIGHTS zone.
17:01 of 1st period - Zach Parise is hit by Michael Matheson and loses puck.
17:17 of 1st period - Quinton Byfield is hit by Shea Theodore and loses puck.
17:40 of 1st period - Shot by Quinton Byfield.
17:40 of 1st period - Goal by Quinton Byfield - EDMONTON ICE : 1 - SPOKANE KNIGHTS : 1.
17:41 of 1st period - Jack Eichel wins face-off versus Nicklas Backstrom in neutral zone.
17:46 of 1st period - Shot by Jack Eichel.
17:46 of 1st period - Shot Blocked by Nathan Beaulieu.
18:51 of 1st period - Shot by Scott Laughton.
18:51 of 1st period - Shot Misses the Net.
18:53 of 1st period - Shot by Scott Laughton.
18:53 of 1st period - Stopped by Matthew Murray without a rebound.
18:54 of 1st period - Anton Lundell wins face-off versus Quinton Byfield in SPOKANE KNIGHTS zone.
19:39 of 1st period - Anton Lundell is hit by Quinton Byfield and loses puck.
19:50 of 1st period - Shot by Anthony Cirelli.
19:50 of 1st period - Stopped by Vitek Vanecek without a rebound.
19:51 of 1st period - Anthony Cirelli wins face-off versus Thomas Novak in EDMONTON ICE zone.
19:57 of 1st period - Brady Tkachuk is hit by Ryan Graves and loses puck.
Goals for this period are 1 for EDMONTON ICE vs 1 for SPOKANE KNIGHTS.
Shots for this period are 18 for EDMONTON ICE vs 12 for SPOKANE KNIGHTS.

2nd period


0:01 of 2nd period - Anthony Cirelli wins face-off versus Thomas Novak in neutral zone.
0:12 of 2nd period - Shot by Brady Tkachuk.
0:12 of 2nd period - Stopped by Vitek Vanecek without a rebound.
0:13 of 2nd period - Quinton Byfield wins face-off versus Jack Eichel in EDMONTON ICE zone.
0:18 of 2nd period - Shot by Shane Pinto.
0:18 of 2nd period - Shot Misses the Net.
1:34 of 2nd period - Shot by Evgeny Dadonov.
1:34 of 2nd period - Shot Blocked by Anthony Cirelli.
1:36 of 2nd period - Shot by Evgeny Dadonov.
1:36 of 2nd period - Goal by Evgeny Dadonov - EDMONTON ICE : 2 - SPOKANE KNIGHTS : 1.
1:37 of 2nd period - Henri Nikkanen wins face-off versus Dawson Mercer in neutral zone.
1:41 of 2nd period - Off-side.
1:42 of 2nd period - Lias Andersson wins face-off versus Anthony Mantha in neutral zone.
2:07 of 2nd period - Shot by Anthony Beauvillier.
2:07 of 2nd period - Shot Misses the Net.
2:11 of 2nd period - Shot by Dawson Mercer.
2:11 of 2nd period - Shot Misses the Net.
2:13 of 2nd period - Shot by Ryan Graves.
2:13 of 2nd period - Shot Blocked by Tucker Poolman.
2:15 of 2nd period - Shot by Anthony Beauvillier.
2:15 of 2nd period - Shot Blocked by Rasmus Kupari.
2:17 of 2nd period - Shot by Dawson Mercer.
2:17 of 2nd period - Shot Misses the Net.
2:21 of 2nd period - Shot by Dawson Mercer.
2:21 of 2nd period - Shot Misses the Net.
2:23 of 2nd period - Shot by Dawson Mercer.
2:23 of 2nd period - Stopped by Matthew Murray without a rebound.
2:24 of 2nd period - Anthony Cirelli wins face-off versus Thomas Novak in SPOKANE KNIGHTS zone.
2:24 of 2nd period - Anthony Cirelli is hit by Evgeny Dadonov.
2:43 of 2nd period - Scott Laughton is hit by Jonathon Merrill and loses puck.
2:49 of 2nd period - Scott Laughton is hit by Evan Bouchard and loses puck.
2:54 of 2nd period - Shot by Michael Matheson.
2:54 of 2nd period - Shot Misses the Net.
3:05 of 2nd period - Zach Parise is hit by Shea Theodore and loses puck.
3:38 of 2nd period - Shot by Shane Pinto.
3:38 of 2nd period - Stopped by Vitek Vanecek without a rebound.
3:39 of 2nd period - Nicklas Backstrom wins face-off versus Dawson Mercer in EDMONTON ICE zone.
3:40 of 2nd period - Shot by Corey Perry.
3:40 of 2nd period - Shot Blocked by Dawson Mercer.
4:04 of 2nd period - Shot by Dawson Mercer.
4:04 of 2nd period - Shot Misses the Net.
4:08 of 2nd period - Shot by Anthony Beauvillier.
4:08 of 2nd period - Stopped by Matthew Murray with a rebound.
4:10 of 2nd period - Shot by Ryan Graves.
4:10 of 2nd period - Shot Misses the Net.
4:17 of 2nd period - Shot by Anthony Mantha.
4:17 of 2nd period - Shot Misses the Net.
4:21 of 2nd period - Shot by Dawson Mercer.
4:21 of 2nd period - Stopped by Matthew Murray without a rebound.
4:22 of 2nd period - Quinton Byfield wins face-off versus Jack Eichel in SPOKANE KNIGHTS zone.
4:24 of 2nd period - Icing by Tyler Motte.
4:25 of 2nd period - Thomas Novak wins face-off versus Quinton Byfield in SPOKANE KNIGHTS zone.
4:34 of 2nd period - Shot by Scott Laughton.
4:34 of 2nd period - Deflect By Thomas Novak.
4:34 of 2nd period - Shot Misses the Net.
4:37 of 2nd period - Minor Penalty to Chad Ruhwedel for Tripping.
4:38 of 2nd period - Jack Eichel wins face-off versus Anthony Cirelli in SPOKANE KNIGHTS zone.
5:05 of 2nd period - Shot by Alex Tuch.
5:05 of 2nd period - Stopped by Matthew Murray without a rebound.
5:06 of 2nd period - Anthony Cirelli wins face-off versus Scott Laughton in SPOKANE KNIGHTS zone.
5:57 of 2nd period - Rasmus Kupari is hit by Gustav Nyquist and loses puck.
6:22 of 2nd period - Shot by Alex Tuch.
6:22 of 2nd period - Stopped by Matthew Murray without a rebound.
6:23 of 2nd period - Anthony Cirelli wins face-off versus Jack Eichel in SPOKANE KNIGHTS zone.
6:34 of 2nd period - Shot by Alex Tuch.
6:34 of 2nd period - Stopped by Matthew Murray with a rebound.
6:36 of 2nd period - Shot by Shea Theodore.
6:36 of 2nd period - Deflect By Jack Eichel.
6:36 of 2nd period - Shot Misses the Net.
6:48 of 2nd period - Shot by Evgeny Dadonov.
6:48 of 2nd period - Shot Misses the Net.
6:50 of 2nd period - Shot by Scott Laughton.
6:50 of 2nd period - Stopped by Matthew Murray with a rebound.
6:56 of 2nd period - Shot by Scott Laughton.
6:56 of 2nd period - Goal by Scott Laughton - EDMONTON ICE : 3 - SPOKANE KNIGHTS : 1.
6:57 of 2nd period - Anthony Beauvillier wins face-off versus Quinton Byfield in neutral zone.
7:26 of 2nd period - Shot by Tyler Motte.
7:26 of 2nd period - Stopped by Vitek Vanecek without a rebound.
7:27 of 2nd period - Jack Eichel wins face-off versus Henri Nikkanen in EDMONTON ICE zone.
7:32 of 2nd period - Shot by Jack Eichel.
7:32 of 2nd period - Stopped by Matthew Murray without a rebound.
7:33 of 2nd period - Jack Eichel wins face-off versus Henri Nikkanen in SPOKANE KNIGHTS zone.
7:42 of 2nd period - Shot by Jack Eichel.
7:42 of 2nd period - Shot Misses the Net.
7:44 of 2nd period - Shot by Alex Tuch.
7:44 of 2nd period - Shot Misses the Net.
7:46 of 2nd period - Shot by Jack Eichel.
7:46 of 2nd period - Shot Misses the Net.
7:52 of 2nd period - Shot by Gustav Nyquist.
7:52 of 2nd period - Shot Misses the Net.
7:54 of 2nd period - Shot by Jack Eichel.
7:54 of 2nd period - Deflect By Alex Tuch.
7:54 of 2nd period - Shot Misses the Net.
8:55 of 2nd period - Shot by Scott Laughton.
8:55 of 2nd period - Shot Blocked by Nathan Beaulieu.
9:20 of 2nd period - Minor Penalty to Nathan Beaulieu for Cross-checking.
9:20 of 2nd period - Minor Penalty to Anthony Beauvillier for Tripping.
9:21 of 2nd period - Anthony Cirelli wins face-off versus Dawson Mercer in SPOKANE KNIGHTS zone.
9:21 of 2nd period - Anthony Cirelli is hit by Gustav Nyquist.
9:41 of 2nd period - Shot by Zach Parise.
9:41 of 2nd period - Deflect By Anthony Cirelli.
9:41 of 2nd period - Shot Blocked by Zach Whitecloud.
9:49 of 2nd period - Shot by Anthony Cirelli.
9:49 of 2nd period - Shot Misses the Net.
9:51 of 2nd period - Shot by Nathan Clurman.
9:51 of 2nd period - Stopped by Vitek Vanecek without a rebound.
9:52 of 2nd period - Quinton Byfield wins face-off versus Dawson Mercer in EDMONTON ICE zone.
9:59 of 2nd period - Shot by Brady Tkachuk.
9:59 of 2nd period - Shot Misses the Net.
10:05 of 2nd period - Shot by Brady Tkachuk.
10:05 of 2nd period - Shot Misses the Net.
10:07 of 2nd period - Shot by Brady Tkachuk.
10:07 of 2nd period - Stopped by Vitek Vanecek without a rebound.
10:08 of 2nd period - Anthony Cirelli wins face-off versus Thomas Novak in EDMONTON ICE zone.
11:20 of 2nd period - Shot by Quinton Byfield.
11:20 of 2nd period - Deflect By Derek Grant.
11:20 of 2nd period - Stopped by Vitek Vanecek without a rebound.
11:21 of 2nd period - Anton Lundell wins face-off versus Nicklas Backstrom in EDMONTON ICE zone.
11:32 of 2nd period - Shot by Tanner Jeannot.
11:32 of 2nd period - Stopped by Matthew Murray without a rebound.
11:33 of 2nd period - Henri Nikkanen wins face-off versus Dawson Mercer in SPOKANE KNIGHTS zone.
11:37 of 2nd period - Evan Bouchard is hit by Jarred Tinordi and loses puck.
12:21 of 2nd period - Jack Eichel is hit by Henri Nikkanen and loses puck.
12:47 of 2nd period - Shot by Brady Tkachuk.
12:47 of 2nd period - Shot Misses the Net.
12:49 of 2nd period - Shot by Anthony Cirelli.
12:49 of 2nd period - Stopped by Vitek Vanecek without a rebound.
12:50 of 2nd period - Quinton Byfield wins face-off versus Thomas Novak in EDMONTON ICE zone.
13:25 of 2nd period - Shot by Shane Pinto.
13:25 of 2nd period - Stopped by Vitek Vanecek with a rebound.
13:48 of 2nd period - Icing by Michael Matheson.
13:49 of 2nd period - Anthony Cirelli wins face-off versus Thomas Novak in EDMONTON ICE zone.
13:56 of 2nd period - Shot by Anthony Cirelli.
13:56 of 2nd period - Shot Misses the Net.
14:17 of 2nd period - Shot by Brady Tkachuk.
14:17 of 2nd period - Shot Misses the Net.
14:25 of 2nd period - Shot by Zach Parise.
14:25 of 2nd period - Shot Blocked by Alex Tuch.
14:27 of 2nd period - Shot by Anthony Cirelli.
14:27 of 2nd period - Goal by Anthony Cirelli - EDMONTON ICE : 3 - SPOKANE KNIGHTS : 2.
14:28 of 2nd period - Nicklas Backstrom wins face-off versus Dawson Mercer in neutral zone.
14:37 of 2nd period - Nicklas Backstrom is hit by Anthony Mantha and loses puck.
14:52 of 2nd period - Shot by Dawson Mercer.
14:52 of 2nd period - Stopped by Matthew Murray with a rebound.
14:54 of 2nd period - Shot by Zach Whitecloud.
14:54 of 2nd period - Shot Blocked by Evan Bouchard.
14:56 of 2nd period - Shot by Jarred Tinordi.
14:56 of 2nd period - Shot Misses the Net.
14:58 of 2nd period - Shot by Anthony Mantha.
14:58 of 2nd period - Stopped by Matthew Murray without a rebound.
14:59 of 2nd period - Jack Eichel wins face-off versus Henri Nikkanen in SPOKANE KNIGHTS zone.
15:04 of 2nd period - Shot by Jack Eichel.
15:04 of 2nd period - Shot Misses the Net.
15:06 of 2nd period - Shot by Jack Eichel.
15:06 of 2nd period - Goal by Jack Eichel - EDMONTON ICE : 4 - SPOKANE KNIGHTS : 2.
15:07 of 2nd period - Anthony Cirelli wins face-off versus Jack Eichel in neutral zone.
15:12 of 2nd period - Shot by Brady Tkachuk.
15:12 of 2nd period - Shot Misses the Net.
15:22 of 2nd period - Shot by Alex Tuch.
15:22 of 2nd period - Deflect By Jack Eichel.
15:22 of 2nd period - Stopped by Matthew Murray without a rebound.
15:23 of 2nd period - Thomas Novak wins face-off versus Quinton Byfield in SPOKANE KNIGHTS zone.
15:34 of 2nd period - Shot by Scott Laughton.
15:34 of 2nd period - Stopped by Matthew Murray without a rebound.
15:35 of 2nd period - Jack Eichel wins face-off versus Anthony Cirelli in SPOKANE KNIGHTS zone.
16:20 of 2nd period - Shot by Jack Eichel.
16:20 of 2nd period - Shot Blocked by Nathan Beaulieu.
16:54 of 2nd period - Shot by Scott Laughton.
16:54 of 2nd period - Shot Blocked by Tyler Motte.
17:25 of 2nd period - Michael Matheson is hit by Derek Grant and loses puck.
17:40 of 2nd period - Icing by Zach Whitecloud.
17:41 of 2nd period - Henri Nikkanen wins face-off versus Dawson Mercer in EDMONTON ICE zone.
17:54 of 2nd period - Off-side.
17:55 of 2nd period - Derek Grant wins face-off versus Jack Eichel in neutral zone.
18:34 of 2nd period - Derek Grant is hit by Gustav Nyquist.
18:40 of 2nd period - Shot by Alex Tuch.
18:40 of 2nd period - Shot Misses the Net.
19:28 of 2nd period - Shot by Anthony Mantha.
19:28 of 2nd period - Shot Blocked by Zach Parise.
19:38 of 2nd period - Zach Whitecloud is hit by Brady Tkachuk and loses puck.
Goals for this period are 3 for EDMONTON ICE vs 1 for SPOKANE KNIGHTS.
Shots for this period are 16 for EDMONTON ICE vs 9 for SPOKANE KNIGHTS.

3rd period


0:01 of 3rd period - Jack Eichel wins face-off versus Quinton Byfield in neutral zone.
0:16 of 3rd period - Shot by Alex Tuch.
0:16 of 3rd period - Stopped by Matthew Murray without a rebound.
0:17 of 3rd period - Thomas Novak wins face-off versus Anthony Cirelli in SPOKANE KNIGHTS zone.
0:17 of 3rd period - Thomas Novak is hit by Chad Ruhwedel.
0:28 of 3rd period - Off-side.
0:29 of 3rd period - Quinton Byfield wins face-off versus Jack Eichel in neutral zone.
0:36 of 3rd period - Shot by Tyler Motte.
0:36 of 3rd period - Stopped by Vitek Vanecek without a rebound.
0:37 of 3rd period - Henri Nikkanen wins face-off versus Jack Eichel in EDMONTON ICE zone.
1:09 of 3rd period - Shot by Alex Tuch.
1:09 of 3rd period - Shot Misses the Net.
1:22 of 3rd period - Shot by Jack Eichel.
1:22 of 3rd period - Stopped by Matthew Murray with a rebound.
2:45 of 3rd period - Dawson Mercer is hit by Chad Ruhwedel and loses puck.
3:24 of 3rd period - Off-side.
3:25 of 3rd period - Anthony Cirelli wins face-off versus Jack Eichel in neutral zone.
4:36 of 3rd period - Shot by Scott Laughton.
4:36 of 3rd period - Shot Misses the Net.
4:40 of 3rd period - Shot by Evgeny Dadonov.
4:40 of 3rd period - Stopped by Matthew Murray without a rebound.
4:41 of 3rd period - Nicklas Backstrom wins face-off versus Anton Lundell in SPOKANE KNIGHTS zone.
5:07 of 3rd period - Shot by Anton Lundell.
5:07 of 3rd period - Stopped by Matthew Murray without a rebound.
5:08 of 3rd period - Quinton Byfield wins face-off versus Thomas Novak in SPOKANE KNIGHTS zone.
5:35 of 3rd period - Shot by Evgeny Dadonov.
5:35 of 3rd period - Shot Misses the Net.
5:37 of 3rd period - Shot by Scott Laughton.
5:37 of 3rd period - Deflect By Thomas Novak.
5:37 of 3rd period - Stopped by Matthew Murray without a rebound.
5:38 of 3rd period - Nicklas Backstrom wins face-off versus Jack Eichel in SPOKANE KNIGHTS zone.
5:44 of 3rd period - Off-side.
5:45 of 3rd period - Nicklas Backstrom wins face-off versus Jack Eichel in neutral zone.
6:44 of 3rd period - Shot by Zach Parise.
6:44 of 3rd period - Shot Blocked by Gustav Nyquist.
6:48 of 3rd period - Shot by Anthony Cirelli.
6:48 of 3rd period - Deflect By Brady Tkachuk.
6:48 of 3rd period - Shot Misses the Net.
7:00 of 3rd period - Shot by Brady Tkachuk.
7:00 of 3rd period - Deflect By Zach Parise.
7:00 of 3rd period - Shot Misses the Net.
7:14 of 3rd period - Shot by Quinton Byfield.
7:14 of 3rd period - Deflect By Shane Pinto.
7:14 of 3rd period - Shot Misses the Net.
9:00 of 3rd period - Shot by Nicklas Backstrom.
9:00 of 3rd period - Stopped by Vitek Vanecek with a rebound.
9:02 of 3rd period - Shot by Derek Grant.
9:02 of 3rd period - Stopped by Vitek Vanecek with a rebound.
9:04 of 3rd period - Shot by Derek Grant.
9:04 of 3rd period - Goal by Derek Grant - EDMONTON ICE : 4 - SPOKANE KNIGHTS : 3.
9:05 of 3rd period - Anton Lundell wins face-off versus Anthony Cirelli in neutral zone.
9:27 of 3rd period - Shot by Zach Parise.
9:27 of 3rd period - Shot Misses the Net.
9:29 of 3rd period - Shot by Evan Bouchard.
9:29 of 3rd period - Shot Misses the Net.
9:31 of 3rd period - Shot by Zach Parise.
9:31 of 3rd period - Stopped by Vitek Vanecek without a rebound.
9:32 of 3rd period - Shane Pinto wins face-off versus Thomas Novak in EDMONTON ICE zone.
9:35 of 3rd period - Shot by Quinton Byfield.
9:35 of 3rd period - Stopped by Vitek Vanecek without a rebound.
9:36 of 3rd period - Thomas Novak wins face-off versus Quinton Byfield in EDMONTON ICE zone.
11:04 of 3rd period - Zach Parise is hit by Michael Matheson and loses puck.
11:09 of 3rd period - Shot by Zach Parise.
11:09 of 3rd period - Stopped by Vitek Vanecek without a rebound.
11:10 of 3rd period - Nicklas Backstrom wins face-off versus Dawson Mercer in EDMONTON ICE zone.
11:15 of 3rd period - Shot by Nicklas Backstrom.
11:15 of 3rd period - Shot Blocked by Zach Whitecloud.
11:17 of 3rd period - Shot by Derek Grant.
11:17 of 3rd period - Stopped by Vitek Vanecek without a rebound.
11:18 of 3rd period - Henri Nikkanen wins face-off versus Thomas Novak in EDMONTON ICE zone.
12:20 of 3rd period - Anthony Mantha is hit by Evan Bouchard and loses puck.
13:14 of 3rd period - Shot by Tyler Motte.
13:14 of 3rd period - Stopped by Vitek Vanecek without a rebound.
13:15 of 3rd period - Anthony Cirelli wins face-off versus Jack Eichel in EDMONTON ICE zone.
14:13 of 3rd period - Icing by Zach Whitecloud.
14:14 of 3rd period - Scott Laughton wins face-off versus Quinton Byfield in EDMONTON ICE zone.
14:14 of 3rd period - Thomas Novak is hit by Tyler Motte and loses puck.
14:35 of 3rd period - Shot by Tyler Motte.
14:35 of 3rd period - Stopped by Vitek Vanecek without a rebound.
14:36 of 3rd period - Nicklas Backstrom wins face-off versus Anton Lundell in EDMONTON ICE zone.
14:52 of 3rd period - Anton Lundell is hit by Nathan Clurman and loses puck.
14:54 of 3rd period - Minor Penalty to Nathan Clurman for Boarding.
14:55 of 3rd period - Dawson Mercer wins face-off versus Anthony Cirelli in SPOKANE KNIGHTS zone.
14:58 of 3rd period - Shot by Scott Laughton.
14:58 of 3rd period - Shot Misses the Net.
15:43 of 3rd period - Icing by Scott Laughton.
15:44 of 3rd period - Anthony Cirelli wins face-off versus Dawson Mercer in EDMONTON ICE zone.
15:50 of 3rd period - Icing by Shea Theodore.
15:51 of 3rd period - Dawson Mercer wins face-off versus Derek Grant in EDMONTON ICE zone.
16:04 of 3rd period - Shot by Shea Theodore.
16:04 of 3rd period - Shot Misses the Net.
16:18 of 3rd period - Shot by Derek Grant.
16:18 of 3rd period - Stopped by Vitek Vanecek with a rebound.
17:19 of 3rd period - Shot by Quinton Byfield.
17:19 of 3rd period - Stopped by Vitek Vanecek without a rebound.
17:20 of 3rd period - Anton Lundell wins face-off versus Anthony Cirelli in EDMONTON ICE zone.
18:27 of 3rd period - Shot by Jack Eichel.
18:27 of 3rd period - Deflect By Alex Tuch.
18:27 of 3rd period - Shot Blocked by Jonathon Merrill.
18:29 of 3rd period - Shot by Zach Whitecloud.
18:29 of 3rd period - Stopped by Matthew Murray with a rebound.
18:31 of 3rd period - Shot by Jack Eichel.
18:31 of 3rd period - Stopped by Matthew Murray with a rebound.
19:07 of 3rd period - SPOKANE KNIGHTS, Matthew Murray is pulled from the net.
19:07 of 3rd period - Shot by Nicklas Backstrom.
19:07 of 3rd period - Stopped by Vitek Vanecek without a rebound.
19:08 of 3rd period - Quinton Byfield wins face-off versus Scott Laughton in EDMONTON ICE zone.
19:13 of 3rd period - Shot by Shane Pinto.
19:13 of 3rd period - Shot Blocked by Alex Tuch.
19:19 of 3rd period - Nicklas Backstrom is hit by Alex Tuch and loses puck.
19:38 of 3rd period - Shot by Scott Laughton.
19:38 of 3rd period - Goal by Scott Laughton - EDMONTON ICE : 5 - SPOKANE KNIGHTS : 3.
19:38 of 3rd period - Matthew Murray from SPOKANE KNIGHTS was sent back in the game.
19:39 of 3rd period - Henri Nikkanen wins face-off versus Dawson Mercer in neutral zone.
19:57 of 3rd period - Shot by Tucker Poolman.
19:57 of 3rd period - Stopped by Vitek Vanecek without a rebound.
19:58 of 3rd period - Thomas Novak wins face-off versus Nicklas Backstrom in EDMONTON ICE zone.
19:58 of 3rd period - Thomas Novak is hit by Derek Grant.
Goals for this period are 1 for EDMONTON ICE vs 1 for SPOKANE KNIGHTS.
Shots for this period are 8 for EDMONTON ICE vs 14 for SPOKANE KNIGHTS.


YEGOR
SHARANGOVICH
ALEX
IAFALLO
JAKOB
CHYCHRUN

EAST COAST

HOCKEY LEAGUE

  • 65.QUE3CHW1
  • 66.CHA1TRV6
  • 67.PITRHI
  • 68.ATLWOR